 Dungeon Crawl Stone Soup version 0.30-a0-169-g06f667207d (webtiles) character file.

Game seed: 12285215011317369128

1416 qw the Chopper (level 8, -3/49 HPs)
             Began as a Gargoyle Fighter on Sept 29, 2022.
             Was a Follower of Okawaru.
             Slain by a wight
             ... wielding a +2 morningstar of protection
              (6 damage)
             ... on level 6 of the Dungeon.
             The game lasted 00:02:02 (5894 turns).

qw the Chopper (Gargoyle Fighter)                   Turns: 5894, Time: 00:02:02

Health: -3/49      AC: 19    Str: 21    XL:     8   Next: 71%
Magic:  9/11       EV:  9    Int: 10    God:    Okawaru [*.....]
Gold:   347        SH:  5    Dex:  9    Spells: 7/7 levels left

rFire   . . .      SeeInvis +    Y - +0 broad axe (flame)
rCold   . . .      Faith    .    c - +0 buckler
rNeg    + . .      Spirit   .    a - +0 chain mail
rPois   inf        Reflect  .    e - +0 helmet
rElec   +          Harm     .    (no cloak)
rCorr   .          Rampage  .    k - +0 pair of gloves
Will    .....                    (no boots)
Stlth   ..........               (no amulet)
HPRegen 0.16/turn                l - ring of see invisible
MPRegen 0.12/turn                (no ring)

@: about to teleport, heroic
A: sickness immunity, AC +5, negative energy resistance 1, electricity
resistance, torment resistance 1, petrification resistance
a: Renounce Religion, Heroism


You were on level 6 of the Dungeon.
You worshipped Okawaru.
Okawaru was aware of your devotion.
You visited 2 branches of the dungeon, and saw 7 of its levels.

You collected 347 gold pieces.


Innate Abilities, Weirdness & Mutations

You are immune to sickness and miasma.
Your stone body is resilient. (AC +5)
You are immune to poison.
You resist negative energy. (rN+)
You are resistant to electric shocks. (rElec)
You are resistant to unholy torment.
You are immune to petrification.


   Skills:
 - Level 5.1(10.1) Fighting
 + Level 7.8(12.8) Axes
 - Level 1.0(6.0) Throwing
 - Level 4.1(9.1) Armour
 - Level 1.1(6.1) Dodging
 - Level 3.2(8.2) Shields
 - Level 4.2 Invocations


You had 7 spell levels left.
You didn't know any spells.
Your spell library was empty.

Inventory:

Hand Weapons
 Y - a +0 broad axe of flaming (weapon)
Missiles
 h - 2 boomerangs (quivered)
Armour
 a - a +0 chain mail (worn)
 c - a +0 buckler (worn)
 e - a +0 helmet (worn)
 k - a +0 pair of gloves (worn)
Jewellery
 l - a ring of see invisible (left hand)
Scrolls
 f - 3 scrolls of identify
 n - 2 scrolls of teleportation
Potions
 d - a potion of might
 g - 3 potions of lignification
 i - a potion of cancellation
 m - 3 potions of haste
 o - 2 potions of attraction

Dungeon Overview and Level Annotations

Branches:
Dungeon (6/15)             Temple (1/1) D:4

Altars:
Cheibriados
Dithmenos
Elyvilon
Fedhas
Gozag
Hepliaklqana
Kikubaaqudgha
Makhleb
Nemelex Xobeh
Okawaru
Ru
Uskayaw
Vehumet
Wu Jian
Xom
Yredelemnul
Zin
The Shining One


Message History

A wight comes into view. It is wielding a +2 short sword.
The wight hits you from afar with a +2 spear.
A wight comes into view. It is wielding a +4 long sword.
The wight closely misses you.
The wight moves out of view.
You hit the wight but do no damage. The wight closely misses you.
5887 ||| INVOKING Heroism.
You gain the combat prowess of a mighty hero.
The wight closely misses you. The wight barely misses you.
You closely miss the wight. You hit the wight but do no damage.
You block the wight's attack. The wight hits you but does no damage.
You hit the wight. You burn the wight.
The wight is heavily damaged.
You hit the wight. You burn the wight.
The wight hits you with a +2 morningstar of protection!
The wight hits you but does no damage.
You closely miss the wight.
The wight is heavily damaged.
You barely miss the wight.
The wight hits you with a +2 morningstar of protection!
You block the wight's attack.
You barely miss the wight.
The wight is heavily damaged.
You barely miss the wight.
The wight hits you with a +2 morningstar of protection!
The wight hits you with a +2 spear!
You hit the wight but do no damage.
The wight is heavily damaged.
You hit the wight. You burn the wight.
The wight hits you with a +2 morningstar of protection!
The wight hits you with a +2 spear.
5893 ||| READING 3 scrolls of teleportation.
As you read the scroll of teleportation, it crumbles to dust.
You feel strangely unstable. The wight barely misses you.
The wight hits you but does no damage.
You hit the wight. You burn the wight.
The wight is severely damaged.
You hit the wight but do no damage.
The wight hits you with a +2 morningstar of protection.
You die...

####.# #.# #.# #.#
#.# #######.# .
...$.#.##
....####z....#.###
#.zzz@.#..###..#
#...####...#.#.#.####
# ##.###..>:...# #.#
#.#####.# ###.###.#
#.# #.....#.# #.#
#.%###...# #.# #..#
#.#.#####.# #..#
#.#.......#


You could see 4 wights.

Vanquished Creatures
  Sigmund (D:4)
  Eustachio (D:4)
  Menkaure (D:4)
  Edmund (D:6)
  A water moccasin (D:6)
  A sky beast (D:6)
  An ogre (D:6)
  A bullfrog (D:6)
  A necrophage (D:6)
  A scorpion (D:5)
  A howler monkey (D:5)
  A gnoll bouda (D:3)
  2 orc priests (D:5)
  A hound (D:6)
  An iguana (D:4)
  2 orc wizards (D:5)
  7 adders
  3 gnolls
  An ufetubus (D:5)
  2 worms
  3 dart slugs
  5 orcs (D:5)
  5 bats
  7 endoplasms
  5 giant cockroaches
  11 hobgoblins
  3 jackals (D:2)
  3 kobolds
  3 quokkas
  6 ball pythons
  5 frilled lizards
  10 goblins
  4 rats
101 creatures vanquished.

Vanquished Creatures (others)
  A fungus (D:6)
  7 plants (D:2)
8 creatures vanquished.

Grand Total: 109 creatures vanquished

Notes
Turn   | Place    | Note
-------+----------+-------------------------------------------
     0 | D:1      | qw the Gargoyle Fighter began the quest for the Orb.
     0 | D:1      | Reached XP level 1. HP: 14/14 MP: 1/1
     0 | D:1      | 0 ||| qw: Version: 0.2-a-12-gaebbb33
     0 | D:1      | 0 ||| qw: Game counter: 1306
     0 | D:1      | 0 ||| qw: Always use a shield: true
     0 | D:1      | 0 ||| qw: God list: Okawaru
     0 | D:1      | 0 ||| qw: Allow faded altars: false
     0 | D:1      | 0 ||| qw: Do Orc after D:15 true
     0 | D:1      | 0 ||| qw: Do second Lair branch before Depths: true
     0 | D:1      | 0 ||| qw: Lair rune preference: random
     0 | D:1      | 0 ||| qw: Plans: Normal, Zot:1-4, God:TSO, Crypt, Tomb,
                  | Pan, Slime:5, Hells, Abyss, Orb
     0 | D:1      | 0 ||| PLANNING D:1-11
    21 | D:1      | Found a faded altar of an unknown god.
    30 | D:1      | Reached skill level 2 in Axes
   134 | D:1      | Reached XP level 2. HP: 19/19 MP: 2/2
   308 | D:1      | 308 ||| Stepping ~*~*~tactically~*~*~ (stealth).
   575 | D:1      | Reached skill level 3 in Axes
   576 | D:1      | 576 ||| Stepping ~*~*~tactically~*~*~ (stealth).
   588 | D:1      | Reached XP level 3. HP: 20/23 MP: 3/3
   622 | D:1      | 622 ||| DROPPING +0 club.
   852 | D:1      | 852 ||| DROPPING amulet of faith.
   853 | D:1      | 853 ||| READING scroll labelled DAPPET UVVA.
   854 | D:1      | 854 ||| READING 2 scrolls labelled CUTRIX NACIURCH.
   855 | D:1      | 855 ||| READING scroll labelled SIBLA PAOCI.
   856 | D:1      | 856 ||| READING scroll labelled HEEJAF GOWERI.
   857 | D:1      | 857 ||| READING scroll labelled ZIAPNE WUKHLO.
   942 | D:2      | 942 ||| Stepping ~*~*~tactically~*~*~ (stealth).
   955 | D:2      | Reached XP level 4. HP: 25/28 MP: 4/4
  1020 | D:2      | 1020 ||| Stepping ~*~*~tactically~*~*~ (water).
  1077 | D:2      | 1077 ||| Stepping ~*~*~tactically~*~*~ (stealth).
  1079 | D:2      | 1079 ||| Stepping ~*~*~tactically~*~*~ (stealth).
  1232 | D:2      | Reached skill level 4 in Axes
  1374 | D:2      | 1374 ||| UPGRADING to +0 helmet.
  1379 | D:2      | 1379 ||| DRINKING 2 lumpy golden potions.
  1417 | D:2      | 1417 ||| READING 2 scrolls of identify.
  1417 | D:2      | 1417 ||| IDENTIFYING amethyst potion
  1418 | D:2      | 1418 ||| DROPPING potion of brilliance.
  1462 | D:2      | 1462 ||| Stepping ~*~*~tactically~*~*~ (hiding).
  1775 | D:2      | 1775 ||| READING scroll labelled HORI RAIL XAI.
  2121 | D:3      | 2121 ||| Stepping ~*~*~tactically~*~*~ (stealth).
  2127 | D:3      | 2127 ||| Stepping ~*~*~tactically~*~*~ (stealth).
  2336 | D:3      | 2336 ||| UPGRADING to ring of see invisible.
  2337 | D:3      | 2337 ||| READING scroll labelled LICECA OW BAB.
  2342 | D:3      | 2342 ||| READING scroll labelled OFUCAO FUENISH.
  2343 | D:3      | 2343 ||| READING scroll labelled ODISABBOIPT.
  2343 | D:3      | Identified a scroll of acquirement
  2343 | D:3      | 2343 ||| ACQUIRING +0 broad axe of flaming
  2343 | D:3      | Acquired a +0 broad axe of flaming
  2345 | D:3      | 2345 ||| SWAPPING to +0 broad axe of flaming.
  2346 | D:3      | 2346 ||| DROPPING +0 whip.
  2347 | D:3      | 2347 ||| DROPPING +0 war axe.
  2348 | D:3      | 2348 ||| DRINKING 2 blue potions.
  2349 | D:3      | 2349 ||| DRINKING 4 fizzy coppery potions.
  2373 | D:4      | Found a staircase to the Ecumenical Temple.
  2374 | D:4      | 2374 ||| PLANNING TEMPLE
  2374 | D:4      | 2374 ||| FLEEEEING.
  2376 | D:4      | 2376 ||| STAIRDANCE
  2381 | D:4      | 2381 ||| FLEEEEING.
  2382 | D:4      | 2382 ||| STAIRDANCE
  2387 | D:4      | 2387 ||| FLEEEEING.
  2388 | D:4      | 2388 ||| STAIRDANCE
  2392 | D:4      | 2392 ||| STAIRDANCE
  2400 | D:4      | 2400 ||| STAIRDANCE
  2407 | D:4      | 2407 ||| FLEEEEING.
  2408 | D:4      | 2408 ||| FLEEEEING.
  2410 | D:4      | 2410 ||| STAIRDANCE
  2421 | D:4      | 2421 ||| FLEEEEING.
  2428 | D:4      | 2428 ||| STAIRDANCE
  2438 | D:4      | 2438 ||| FLEEEEING.
  2439 | D:4      | 2439 ||| FLEEEEING.
  2440 | D:4      | 2440 ||| FLEEEEING.
  2443 | D:4      | 2443 ||| FLEEEEING.
  2444 | D:4      | 2444 ||| STAIRDANCE
  2448 | D:4      | 2448 ||| STAIRDANCE
  2452 | D:4      | 2452 ||| STAIRDANCE
  2456 | D:4      | 2456 ||| STAIRDANCE
  2498 | D:4      | 2498 ||| STAIRDANCE
  2502 | D:4      | 2502 ||| STAIRDANCE
  2513 | D:4      | Reached XP level 5. HP: 20/32 MP: 5/5
  2513 | D:4      | 2513 ||| STAIRDANCE
  2629 | D:4      | 2629 ||| Stepping ~*~*~tactically~*~*~ (stealth).
  2630 | D:4      | 2630 ||| STAIRDANCE
  2634 | D:4      | 2634 ||| STAIRDANCE
  2813 | D:4      | 2813 ||| STAIRDANCE
  2843 | D:4      | 2843 ||| STAIRDANCE
  2849 | D:4      | Reached skill level 5 in Axes
  2849 | D:4      | 2849 ||| STAIRDANCE
  2898 | Temple   | Entered the Ecumenical Temple
  2902 | Temple   | 2902 ||| PLANNING OKAWARU WORSHIP
  3003 | Temple   | Became a worshipper of Warmaster Okawaru
  3004 | Temple   | 3004 ||| PLANNING D:1-11
  3126 | D:4      | 3126 ||| Stepping ~*~*~tactically~*~*~ (stealth).
  3133 | D:4      | 3133 ||| Stepping ~*~*~tactically~*~*~ (stealth).
  3135 | D:4      | 3135 ||| Stepping ~*~*~tactically~*~*~ (stealth).
  3215 | D:4      | Found an ornate altar of the Wu Jian Council.
  3215 | D:4      | Noticed Menkaure
  3239 | D:4      | 3239 ||| FLEEEEING.
  3240 | D:4      | 3240 ||| FLEEEEING.
  3242 | D:4      | 3242 ||| STAIRDANCE
  3291 | D:3      | 3291 ||| UPGRADING to +0 pair of gloves.
  3296 | D:3      | 3296 ||| READING scroll labelled AZI YFAMEAKHLUM.
  3297 | D:3      | 3297 ||| DRINKING 2 murky emerald potions.
  3305 | D:4      | Killed Menkaure
  3306 | D:4      | Reached XP level 6. HP: 35/40 MP: 6/6
  3431 | D:4      | 3431 ||| Stepping ~*~*~tactically~*~*~ (water).
  3432 | D:4      | Noticed Sigmund
  3439 | D:4      | Reached skill level 1 in Dodging
  3450 | D:4      | Killed Sigmund
  3450 | D:4      | Reached * piety under Okawaru
  3451 | D:4      | Reached XP level 7. HP: 14/44 MP: 7/7
  3953 | D:4      | Noticed Eustachio
  3994 | D:4      | Killed Eustachio
  3995 | D:4      | Reached skill level 6 in Axes
  4195 | D:4      | 4195 ||| Stepping ~*~*~tactically~*~*~ (stealth).
  4257 | D:4      | 4257 ||| READING scroll labelled ENINATS PUOFE.
  4258 | D:4      | 4258 ||| READING 4 scrolls of identify.
  4258 | D:4      | 4258 ||| IDENTIFYING sedimented amethyst potion
  4259 | D:4      | 4259 ||| DROPPING potion of degeneration.
  4301 | D:5      | Entered Level 5 of the Dungeon
  4341 | D:5      | Reached skill level 1 in Invocations
  4868 | D:5      | 4868 ||| Stepping ~*~*~tactically~*~*~ (hiding).
  4880 | D:5      | 4880 ||| INVOKING Heroism.
  5259 | D:5      | 5259 ||| UPGRADING to +0 chain mail.
  5269 | D:5      | 5269 ||| DROPPING +0 scale mail.
  5312 | D:6      | 5312 ||| STAIRDANCE
  5314 | D:5      | 5314 ||| INVOKING Heroism.
  5317 | D:5      | Reached XP level 8. HP: 46/49 MP: 6/9
  5318 | D:5      | Reached skill level 7 in Axes
  5343 | D:6      | 5343 ||| STAIRDANCE
  5354 | D:6      | 5354 ||| INVOKING Heroism.
  5357 | D:6      | Reached skill level 1 in Throwing
  5357 | D:6      | Reached skill level 3 in Invocations
  5379 | D:6      | 5379 ||| STAIRDANCE
  5677 | D:6      | Found a snail-covered altar of Cheibriados.
  5678 | D:6      | Noticed Edmund
  5679 | D:6      | 5679 ||| INVOKING Heroism.
  5694 | D:6      | 5694 ||| INVOKING Heroism.
  5696 | D:6      | Killed Edmund
  5883 | D:6      | 5883 ||| Stepping ~*~*~tactically~*~*~ (hiding).
  5887 | D:6      | 5887 ||| INVOKING Heroism.
  5892 | D:6      | HP: 3/49 [wight/+2 morningstar of protection (11)]
  5893 | D:6      | 5893 ||| READING 3 scrolls of teleportation.
  5894 | D:6      | Slain by a wight

Levels and vault maps discovered:
D:1:      minmay_arrival_four_houses, layout_rooms, serial_forest,
          infiniplex_forest_end_3, infiniplex_forest_clump_diagonal,
          infiniplex_forest_straight_4, infiniplex_forest_side_room,
          infiniplex_forest_straight_1, infiniplex_forest_end_2,
          infiniplex_forest_straight_5, infiniplex_forest_clump_tiny,
          basic_ecumenical_altar
D:2:      layout_basic, serial_bayou, serial_bayou_shore_a, serial_bayou_pond_d,
          serial_bayou_pond_d, serial_bayou_ford_a, serial_bayou_pond_d,
          kennysheep_generic_room_9
D:3:      layout_rooms
D:4:      layout_rooms, mainiacjoe_overflow_brackets,
          minmay_temple_entry_junction_2, serial_rivers,
          chequers_serial_rivers_large_b, chequers_serial_rivers_large_a,
          chequers_serial_rivers_small_a, chequers_serial_rivers_room_a,
          minmay_goblin_outpost, uniq_menkaure, uniq_sigmund, uniq_eustachio
D:5:      layout_loops_corners
D:6:      old_forge, layout_loops_ring, mainiacjoe_overflow_small_starburst,
          lightli_church_of_beogh, uniq_duvessa, uniq_edmund,
          uniq_prince_ribbit1
Temple:   nicolae_temple_superstar

Skill      XL: |  1  2  3  4  5  6  7  8 |
---------------+-------------------------+-----
Axes           | 2 3 4 5 6 7 |  7.8
Fighting       | 5 |  5.1
Dodging        | 1 |  1.1
Invocations    | 2 4 |  4.2
Throwing       | 1 |  1.0
Armour         | 4 |  4.1
Shields        | |  3.2

Action                   |  1- 3 |  4- 6 |  7- 9 || total
-------------------------+-------+-------+-------++-------
Melee: War axe           |    86 |    69 |       ||   155
       Broad axe         |       |    82 |   126 ||   208
Throw: Boomerang         |       |    24 |    20 ||    44
Invok: Heroism           |       |       |     6 ||     6
  Use: Scroll            |     5 |     6 |     3 ||    14
       Potion            |       |     4 |       ||     4
Armor: Scale mail        |    44 |    70 |    53 ||   167
       Chain mail        |       |       |    55 ||    55
Dodge: Dodged            |    39 |    73 |    65 ||   177
Block: Buckler           |    18 |    28 |    28 ||    74

Table legend:
 A = Non-vault XP
 B = Vault XP
 C = Vault XP percentage of total XP
 D = Non-vault monster count
 E = Vault monster count
 F = Vault count percentage of total count
                 A         B        C        D         E       F
            +---------+---------+-------+---------+---------+-------
      Total |    1259 |     765 |  37.8 |      93 |       8 |   7.9
            +---------+---------+-------+---------+---------+-------
        D:1 |      40 |       0 |   0.0 |      24 |       0 |   0.0
        D:2 |      84 |       0 |   0.0 |      25 |       0 |   0.0
        D:3 |      84 |       0 |   0.0 |      11 |       0 |   0.0
        D:4 |     120 |     599 |  83.3 |      14 |       7 |  33.3
        D:5 |     322 |       0 |   0.0 |      13 |       0 |   0.0
        D:6 |     609 |     166 |  21.4 |       6 |       1 |  14.3
            +---------+---------+-------+---------+---------+-------
